 Dungeon Crawl Stone Soup version 0.28-a0-802-g09f76e8c00 (webtiles) character file.

Game seed: 5997926624494491181

24703 ders the Geomancer (level 13, -5/99 HPs)
             Began as a Gargoyle Earth Elementalist on Nov 6, 2021.
             Was an Elder of Vehumet.
             Slain by a death yak (16 damage)
             ... on level 4 of the Lair of Beasts.
             The game lasted 01:03:15 (20114 turns).

ders the Geomancer (Gargoyle Earth Elementalist)   Turns: 20114, Time: 01:03:15

Health: -5/99      AC: 26    Str: 13    XL:     13   Next: 14%
Magic:  14/28      EV:  2    Int: 25    God:    Vehumet [****..]
Gold:   405        SH:  4    Dex: 11    Spells: 7/35 levels left

rFire   + . .      SeeInvis .   k - staff of conjuration
rCold   . . .      Faith    .   i - +0 buckler
rNeg    + . .      Spirit   .   (armour currently unavailable)
rPois   ∞          Reflect  .   (helmet currently unavailable)
rElec   .          Harm     .   (cloak currently unavailable)
rCorr   .          Rampage  .   (gloves currently unavailable)
Will    .....      NoTele   +   (boots currently unavailable)
Stlth   ++........              r - amulet of regeneration
HPRegen 1.26/turn               G - +6 ring of intelligence
MPRegen 0.21/turn               e - ring of protection from fire

@: tree-form, freezing walls
A: stationary, stasis, torment immunity, boosted hp, sickness immunity, AC +9,
negative energy resistance 1, (electricity resistance), torment resistance 1,
petrification resistance
a: Renounce Religion


You were on level 4 of the Lair of Beasts.
You worshipped Vehumet.
Vehumet was greatly pleased with you.
You were a tree.
You visited 3 branches of the dungeon, and saw 16 of its levels.

You collected 896 gold pieces.
You spent 491 gold pieces at shops.

Inventory:

Missiles
 t - 224 stones
Armour
 b - a +0 robe
 i - a +0 buckler (worn)
 m - a +0 pair of boots (melded)
 n - a +0 robe of willpower
 C - the +2 robe "Wibewn" (melded) {Fly rPois}
   (You bought it in a shop on level 6 of the Dungeon)

   rPois:     It protects you from poison.
   Fly:       It grants you flight.
Magical Staves
 k - a staff of conjuration (weapon)
Jewellery
 e - a ring of protection from fire (right branch)
 h - a +4 ring of protection
 p - a +6 ring of strength
 r - an amulet of regeneration (around neck)
 u - an amulet of guardian spirit
 G - a +6 ring of intelligence (left branch)
 K - an amulet of magic regeneration
Wands
 v - a wand of polymorph (13)
 M - a wand of flame (15)
 N - a wand of iceblast (10)
Scrolls
 a - a scroll of brand weapon
 d - a scroll of amnesia
 f - 2 scrolls of fear
 l - 2 scrolls of teleportation
 w - a scroll of silence
 x - 3 scrolls of fog
 y - 3 scrolls of enchant armour
 z - 2 scrolls of enchant weapon
 A - a scroll of magic mapping
 D - a scroll of vulnerability
 L - 4 scrolls of blinking
Potions
 c - 4 potions of might
 g - 2 potions of berserk rage
 j - 6 potions of flight
 o - 6 potions of attraction
 q - a potion of invisibility
 B - 2 potions of curing
 F - 2 potions of degeneration
 H - a potion of haste {unknown}
 I - a potion of brilliance {unknown}
Miscellaneous
 s - a condenser vane


   Skills:
 + Level 2.0 Fighting
 + Level 0.6 Axes
 + Level 1.0 Staves
 - Level 1.5 Dodging
 + Level 3.7 Stealth
 - Level 4.0 Shields
 + Level 11.8 Spellcasting
 + Level 11.7 Conjurations
 + Level 1.6 Transmutations
 + Level 2.2 Fire Magic
 + Level 1.5 Ice Magic
 + Level 2.5 Air Magic
 + Level 14.5 Earth Magic
 + Level 3.2 Poison Magic


You had 7 spell levels left.
You knew the following spells:

 Your Spells              Type           Power      Damage    Failure   Level
a - Iron Shot             Conj/Erth      44%        9d9       1%          6
b - Swiftness             Air            27%        N/A       4%          3
c - Mephitic Cloud        Conj/Pois/Air  60%        N/A       1%          3
d - Sandblast             Erth           100%       2d20      0%          1
e - Flame Wave            Conj/Fire      65%        3d12      1%          4
f - Stone Arrow           Conj/Erth      100%       3d13      1%          3
g - Frozen Ramparts       Ice            44%        1d6       1%          3
h - Lee's Rapid Deconstr  Erth           36%        3d19*     1%          5

Your spell library contained the following spells:

 Spells                   Type           Power      Damage    Failure   Level
 Iskenderun's Battlesphe  Conj           83%        2d13      1%          5
 Foxfire                  Conj/Fire      100%       2x1d9     1%          1
 Shock                    Conj/Air       100%       1d9       1%          1
 Passwall                 Tmut/Erth      44%        N/A       1%          2
 Conjure Flame            Conj/Fire      65%        6-21      1%          3
 Ignite Poison            Fire/Tmut/Pois 26%        N/A       1%          3
 Animate Armour           Summ/Erth      100%       N/A       1%          4
 Leda's Liquefaction      Hex/Erth       25%        N/A       1%          4
 Petrify                  Tmut/Erth      53%        N/A       1%          4
 Inner Flame              Hex/Fire       20%        N/A       2%          3
 Freezing Cloud           Conj/Ice/Air   29%        6-21      3%          5
 Airstrike                Air            13%        N/A       4%          4
 Gell's Gravitas          Tloc           14%        N/A       12%         3
 Teleport Other           Tloc           14%        N/A       12%         3
 Ice Form                 Ice/Tmut       22%        N/A       22%         4
 Summon Ice Beast         Ice/Summ       18%        N/A       30%         4
 Passage of Golubria      Tloc           14%        N/A       38%         4
 Blade Hands              Tmut           11%        N/A       50%         5
 Silence                  Hex/Air        10%        N/A       54%         5
 Dispersal                Tloc           7%         N/A       99%         6
 Lehudib's Crystal Spear  Conj/Erth      44%        10d11     30%         8
 Statue Form              Tmut/Erth      Unusable   N/A       N/A         6

Dungeon Overview and Level Annotations

Branches:
Dungeon (11/15)            Temple (1/1) D:6            Lair (4/6) D:8
 Shoals (0/4) Lair:2
  Snake: Lair:2-4    Spider: Lair:2-4       Orc: D:9-12

Altars:
Cheibriados
Makhleb
Okawaru
Trog
Vehumet
Xom
Yredelemnul
Jiyva

Shops:
D:3 :![*   D:6 (*=

Annotations:
Lair:4 1 transporter


Innate Abilities, Weirdness & Mutations

You are a tree.
Your roots penetrate the ground, keeping you stationary.
You cannot be teleported.
You are immune to unholy pain and torment.
Your maximum health is greatly increased.
Your equipment is partially melded.
You are immune to sickness and miasma.
((Your stone body is resilient. (AC +9)))
You are immune to poison.
You resist negative energy. (rN+)
((You are resistant to electric shocks. (rElec)))
You are resistant to unholy torment.
You are immune to petrification.


Message History

A wave of flame ripples out!
The flame wave engulfs the seven-headed hydra!!
The seven-headed hydra is severely wounded.
The flame wave engulfs the death yak!!
The death yak is severely wounded.
You hear a croak.
The wall freezes the death yak.
The death yak gores you but does no damage.
The wall freezes the seven-headed hydra.
The seven-headed hydra bites you but does no damage. x2
You block the seven-headed hydra's attack. x2
The seven-headed hydra bites you but does no damage.
The seven-headed hydra bites you.
* * * LOW HITPOINT WARNING * * *
The seven-headed hydra bites you but does no damage.
A wave of flame ripples out!
The flame wave engulfs the seven-headed hydra!!
The seven-headed hydra is almost dead.
The flame wave engulfs the death yak!
The death yak is almost dead.
The wall freezes the death yak.
The death yak gores you.
* * * LOW HITPOINT WARNING * * *
The wall freezes the seven-headed hydra.
The seven-headed hydra completely misses you.
The seven-headed hydra bites you.
* * * LOW HITPOINT WARNING * * *
The seven-headed hydra bites you.
* * * LOW HITPOINT WARNING * * *
The seven-headed hydra bites you.
* * * LOW HITPOINT WARNING * * *
The seven-headed hydra bites you but does no damage. x3
Casting: Flame Wave (mildly dangerous; 1% risk of failure)
Confirm with . or Enter, or press ? or * to list all spells.
Aiming: Iron Shot (dangerous; 1% risk of failure)
Press: ? - help, Shift-Dir - straight line, f - seven-headed hydra
Aim: a seven-headed hydra (almost dead, slow, 92% to hit)
You feel a surge of power!
The iron shot misses the seven-headed hydra.
The wall freezes the death yak.
The death yak gores you!
You die...

#.### ...# ###..####.# P.#
#.#.......# ##.##
....#..... ###÷..#
##......... #..<..###
......#..
#P.[....######...>#.##
#....#D.##.##..#...#.##
##.###♣....Y....†..Y...
#####Y..###......##...
#....#####.......P...
####.######.##.##.......
##........##.#...#....©..
#PP.................#####
#..............##..##...#
#......##.#...#.P..##.###.
#.......##........##..≈...


You could see 2 death yaks and a seven-headed hydra (slow).

Vanquished Creatures
  3 hydras
  A catoblepas (Lair:3)
  2 two-headed ogres
  A death yak (Lair:4)
  2 merfolk sirens (Lair:2)
  A black mamba (Lair:2)
  13 cane toads
  4 rime drakes
  3 komodo dragons
  A troll (D:8)
  9 blink frogs
  2 wyverns
  Sigmund (D:3)
  A wraith (D:11)
  34 yaks
  Grum (Lair:1)
  2 basilisks
  5 water moccasins
  2 orc warriors
  2 sky beasts
  2 ice beasts (D:5)
  A black bear (D:6)
  2 necrophages
  12 wolves
  2 ogres
  2 centaurs
  2 phantoms
  2 kobold brigands
  12 bullfrogs
  2 gnoll sergeants
  A water moccasin zombie (D:5)
  10 electric eels
  5 howler monkeys
  5 jellies
  A bullfrog zombie (D:7)
  3 centaur zombies
  3 orc priests
  11 hounds
  2 iguanas (D:5)
  8 orc wizards
  5 hell rats (Lair:3)
  A killer bee zombie (D:9)
  A hound zombie (D:5)
  2 hound skeletons (D:4)
  A howler monkey zombie (D:9)
  10 gnolls
  13 adders
  A shadow imp (D:8)
  A white imp (D:6)
  An ufetubus (D:4)
  An adder skeleton (D:4)
  2 worms (D:2)
  2 dart slugs
  36 orcs
  10 endoplasms
  2 giant cockroaches
  6 goblins
  7 hobgoblins
  11 jackals
  6 quokkas
  8 ball pythons
  9 bats
  3 frilled lizards
  15 kobolds
  2 rats
334 creatures vanquished.

Vanquished Creatures (collateral kills)
  An orc (D:3)
1 creature vanquished.

Vanquished Creatures (others)
  17 fungi
  31 plants
  4 toadstools (D:1)
52 creatures vanquished.

Grand Total: 387 creatures vanquished

Notes
Turn   | Place    | Note
-------+----------+-------------------------------------------
     0 | D:1      | ders the Gargoyle Earth Elementalist began the quest for
                  | the Orb.
     0 | D:1      | Reached XP level 1. HP: 10/10 MP: 3/3
   284 | D:1      | Reached skill level 4 in Earth Magic
   284 | D:1      | Reached XP level 2. HP: 14/15 MP: 1/5
  1155 | D:2      | Reached XP level 3. HP: 19/19 MP: 3/6
  1159 | D:2      | Learned a level 3 spell: Stone Arrow
  1358 | D:2      | Reached skill level 1 in Conjurations
  1530 | D:2      | Reached XP level 4. HP: 24/24 MP: 3/8
  1729 | D:2      | Reached skill level 5 in Earth Magic
  1923 | D:2      | Found a faded altar of an unknown god.
  2342 | D:3      | Reached XP level 5. HP: 25/28 MP: 6/9
  2767 | D:3      | Found Uleblaru's Book Shoppe.
  2772 | D:3      | Found Qewasety's Distillery.
  2815 | D:3      | Noticed Sigmund
  2987 | D:3      | Killed Sigmund
  2988 | D:3      | Reached skill level 1 in Shields
  2988 | D:3      | Reached skill level 6 in Earth Magic
  2988 | D:3      | Reached XP level 6. HP: 33/33 MP: 6/12
  3119 | D:3      | Found Cailohih's Antique Armour Boutique.
  3647 | D:3      | Found Yrehao's Assorted Antiques.
  3709 | D:4      | Reached XP level 7. HP: 37/37 MP: 3/13
  3901 | D:4      | Found an iron altar of Okawaru.
  4216 | D:4      | Reached skill level 7 in Earth Magic
  4560 | D:5      | Entered Level 5 of the Dungeon
  4774 | D:5      | Reached skill level 1 in Fighting
  5015 | D:5      | Reached skill level 5 in Spellcasting
  5228 | D:5      | Reached XP level 8. HP: 43/43 MP: 2/15
  5963 | D:5      | Learned a level 3 spell: Mephitic Cloud
  6207 | D:5      | Reached skill level 8 in Earth Magic
  6590 | D:6      | Found Siusiax's Jewellery Shop.
  6859 | D:6      | Found a staircase to the Ecumenical Temple.
  6868 | D:6      | Reached skill level 1 in Poison Magic
  7000 | Temple   | Entered the Ecumenical Temple
  7057 | Temple   | Became a worshipper of Vehumet
  7226 | D:6      | Found Riqoigra's Assorted Antiques.
  7235 | D:6      | Reached skill level 1 in Air Magic
  7418 | D:6      | Bought a smoking robe for 131 gold pieces
  7418 | D:6      | Identified the +2 robe "Wibewn" {Fly rPois} (You bought it
                  | in a shop on level 6 of the Dungeon)
  7437 | D:6      | Identified a scroll of acquirement
  7441 | D:6      | Acquired a staff of conjuration
  7467 | D:6      | Found Lainto's Antique Weapon Boutique.
  7793 | D:6      | Reached XP level 9. HP: 39/47 MP: 0/18
  8820 | D:7      | Reached skill level 5 in Conjurations
  8991 | D:7      | Reached skill level 9 in Earth Magic
  9116 | D:7      | Reached * piety under Vehumet
  9116 | D:7      | Offered knowledge of Freeze by Vehumet.
 10051 | D:8      | Noticed a two-headed ogre
 11009 | D:8      | Reached skill level 10 in Earth Magic
 11236 | D:8      | Reached XP level 10. HP: 47/52 MP: 18/21
 11341 | D:8      | Reached ** piety under Vehumet
 11341 | D:8      | Offered knowledge of Static Discharge by Vehumet.
 11373 | D:7      | Learned a level 3 spell: Swiftness
 11377 | D:7      | Learned a level 3 spell: Ignite Poison
 11663 | D:8      | Found a staircase to the Lair.
 11915 | D:8      | Killed a two-headed ogre
 12113 | D:8      | Found a viscous altar of Jiyva.
 12249 | D:8      | Reached skill level 1 in Transmutations
 12747 | D:9      | Reached skill level 11 in Earth Magic
 12751 | D:9      | Reached skill level 1 in Fire Magic
 13218 | D:3      | Bought a book of Iron for 360 gold pieces
 13225 | D:3      | Learned a level 6 spell: Iron Shot
 13229 | D:3      | Learned a level 3 spell: Frozen Ramparts
 13926 | D:10     | Entered Level 10 of the Dungeon
 14469 | D:10     | Noticed a two-headed ogre
 14486 | D:10     | Killed a two-headed ogre
 14487 | D:10     | Reached XP level 11. HP: 56/56 MP: 4/24
 14692 | D:10     | Offered knowledge of Searing Ray by Vehumet.
 14866 | D:10     | Reached skill level 12 in Earth Magic
 15292 | D:11     | Noticed an eight-headed hydra
 15424 | Lair:1   | Entered Level 1 of the Lair of Beasts
 15846 | Lair:1   | Reached skill level 1 in Staves
 15998 | Lair:1   | Noticed Grum
 16000 | Lair:1   | Killed Grum
 16003 | Lair:1   | Reached *** piety under Vehumet
 16742 | Lair:2   | Noticed a four-headed hydra
 16745 | Lair:2   | Killed a four-headed hydra
 16746 | Lair:2   | Reached skill level 10 in Spellcasting
 16860 | Lair:2   | Reached XP level 12. HP: 61/61 MP: 16/26
 16896 | Lair:2   | Reached skill level 13 in Earth Magic
 17021 | Lair:2   | Reached skill level 10 in Conjurations
 17025 | Lair:2   | Reached skill level 1 in Ice Magic
 17250 | Lair:2   | Noticed a five-headed hydra
 17375 | Lair:2   | Killed a five-headed hydra
 17559 | Lair:2   | Learned a level 5 spell: Lee's Rapid Deconstruction
 17565 | Lair:2   | Learned a level 4 spell: Flame Wave
 17627 | Lair:2   | Offered knowledge of Sticky Flame by Vehumet.
 17927 | Lair:2   | Reached skill level 14 in Earth Magic
 18735 | Lair:2   | Found a staircase to the Shoals.
 19031 | Lair:3   | Noticed a catoblepas
 19035 | Lair:3   | Reached **** piety under Vehumet
 19039 | Lair:3   | Killed a catoblepas
 19041 | Lair:3   | Reached XP level 13. HP: 21/66 MP: 6/28
 19148 | Lair:3   | Offered knowledge of Iskenderun's Battlesphere by Vehumet.
 19936 | Lair:4   | Found a transporter.
 20114 | Lair:4   | Slain by a death yak

Illustrated notes

Levels and vault maps discovered:
D:1:      ldierk_water_garden, layout_loops_corners,
          chequers_serial_rivers_small_3, minmay_strange_pillars
D:2:      layout_loops_cross, ebering_ecumenical_altar_mist
D:3:      layout_basic, serial_shops, shop, shop, nicolae_shop_crystal, shop,
          grunt_decor_fettered, minmay_shallow_snake_nest, uniq_sigmund
D:4:      layout_gridville, kennysheep_okawaru_gauntlet
D:5:      layout_loops_corners
D:6:      layout_loops_cross, minmay_temple_entry_grid, serial_shops, shop,
          shop_statue, nicolae_stop_n_shop_1
D:7:      layout_cave_pods, minmay_splitting_lines, nicolae_underground_beach
D:8:      layout_loops_ring, erik_lair_island, grunt_decor_arrowhead,
          jiyva_altar_1
D:9:      layout_loops_cross, minmay_tree_intersection, hive_lemuel
D:10:     layout_basic, minmay_misc_feat_tiny, minmay_misc_feat_more_columns
D:11:     layout_layer_cave, kennysheep_orc_monster_closet_entryway,
          minivault_16, nicolae_shop_overcharged_wands
Temple:   nicolae_temple_the_god_donut
Lair:1:   layout_loops_ring, serial_bayou_pond_c, uniq_grum
Lair:2:   layout_chaotic_city, elwin_shoals_entry_rooms, grunt_megastairs_4
Lair:3:   layout_chaotic_city, infiniplex_staircase_pool_2
Lair:4:   layout_misc_corridors, minmay_snake_entry_spellcaster,
          nzn_ghost_randoct, uniq_urug, uniq_kirke

Skill      XL: |  1  2  3  4  5  6  7  8  9 10 11 12 13 |
---------------+----------------------------------------+-----
Earth Magic    | 4 5 6 7 8 10 11 12 14 | 14.5
Conjurations   | 1 2 4 6 8 9 11 | 11.7
Spellcasting   | 3 4 5 6 7 9 10 11 | 11.8
Shields        | 1 2 3 4 |  4.0
Fighting       | 1 2 |  2.0
Poison Magic   | 1 2 3 |  3.2
Air Magic      | 1 2 |  2.5
Transmutations | 1 |  1.6
Stealth        | 3 |  3.7
Fire Magic     | 1 2 |  2.2
Staves         | 1 |  1.0
Ice Magic      | 1 |  1.5
Axes           | |  0.6
Dodging        | |  1.5

Action                   |  1- 3 |  4- 6 |  7- 9 | 10-12 | 13-15 || total
-------------------------+-------+-------+-------+-------+-------++-------
Melee: Hand axe          |       |    10 |    26 |       |       ||    36
       Staff             |       |       |    27 |    12 |       ||    39
 Cast: Sandblast         |    50 |    77 |    48 |    10 |       ||   185
       Stone Arrow       |       |     3 |   133 |   133 |       ||   269
       Mephitic Cloud    |       |       |    17 |    15 |       ||    32
       Ignite Poison     |       |       |       |    11 |       ||    11
       Swiftness         |       |       |       |     5 |     1 ||     6
       Iron Shot         |       |       |       |    50 |    15 ||    65
       Frozen Ramparts   |       |       |       |     2 |     2 ||     4
       Flame Wave        |       |       |       |     6 |     2 ||     8
  Use: Scroll            |       |     5 |    11 |     2 |     3 ||    21
       Potion            |       |     2 |     2 |     6 |     1 ||    11
Armor: Robe              |     5 |    19 |    88 |    38 |     6 ||   156
       Skin              |       |       |       |       |    14 ||    14
Dodge: Dodged            |     7 |    20 |    58 |    46 |     7 ||   138
Block: Buckler           |       |     4 |    30 |    15 |     9 ||    58

Table legend: (Time is in decaauts)
 A = Elapsed time spent in this place.
 B = Non-inter-level travel time spent in this place.
 C = Inter-level travel time spent in this place.
 D = Time resting spent in this place.
 E = Time spent auto-exploring this place.
 F = Levels seen in this place.
 G = Mean time per level.
                   A        B        C        D        E       F      G
               +--------+--------+--------+--------+--------+-----+--------+
         Total |  20174 |  19075 |   1099 |   8629 |   7857 |  16 | 1260.9 |
       Dungeon |  15313 |  14357 |    956 |   6467 |   5816 |  11 | 1392.1 |
        Temple |    159 |    146 |     13 |    141 |      0 |   1 |  159.0 |
          Lair |   4702 |   4573 |    129 |   2021 |   2041 |   4 | 1175.5 |
               +--------+--------+--------+--------+--------+-----+--------+

Top non-repeatable levels by time:
     D:7: 2761 daAuts
     D:5: 1961 daAuts
  Lair:1: 1795 daAuts
  Lair:2: 1761 daAuts
     D:8: 1730 daAuts
     D:6: 1644 daAuts
     D:2: 1375 daAuts
     D:3: 1210 daAuts
    D:10: 1204 daAuts
     D:1: 1155 daAuts
     D:4: 1066 daAuts
     D:9: 1050 daAuts
  Lair:3: 972 daAuts
  Lair:4: 172 daAuts
  Temple: 159 daAuts
